 Dungeon Crawl Stone Soup version 0.31-a0-263-ge8cad7f256 (webtiles) character file.

Game seed: 14038344193269684594

212 Vomitron the Conjurer (level 5, -1/31 HPs)
             Began as an Octopode Conjurer on July 13, 2023.
             Slain by a black bear (4 damage)
             ... on level 4 of the Dungeon.
             The game lasted 00:07:30 (4165 turns).

Vomitron the Conjurer (Octopode Conjurer)           Turns: 4165, Time: 00:07:31

Health: -1/31      AC:  1    Str:  6    XL:     5   Next: 90%
Magic:  0/9        EV: 13    Int: 23    God:
Gold:   127        SH:  0    Dex: 10    Spells: 3/10 levels left

rFire   . . .        k - +0 dagger
rCold   . . .        (no shield)
rNeg    . . .        (helmet restricted)
rPois   +            (no amulet)
rElec   .            i - ring of poison resistance
rCorr   +            j - ring of resist corrosion
SInv    .            (no ring)
Will    .....        (no ring)
Stlth   +++          (no ring)
HPRegen 0.25/turn    (no ring)
MPRegen 0.11/turn    (no ring)
                     (no ring)

%: no passive effects
@: no status effects
A: almost no armour, amphibious, 8 rings, camouflage 1, gelatinous body 1,
(nimble swimmer 1), tentacles
a: no special abilities


You were on level 4 of the Dungeon.
You visited 1 branch of the dungeon, and saw 4 of its levels.

You collected 127 gold pieces.

Inventory:

Hand Weapons
 k - a +0 dagger (weapon)
 p - the +8 quarterstaff of the Blushing Saviour {elec, Fly rC- Will+ rCorr Str+2}
   (You found it on level 3 of the Dungeon)

   Str:       It affects your strength (+2).
   rC:        It makes you vulnerable to cold.
   Fly:       It grants you flight.
   rCorr:     It protects you from acid and corrosion.
   Will:      It increases your willpower.
Jewellery
 i - a ring of poison resistance (left tentacle)
 j - a ring of resist corrosion (right tentacle)
Scrolls
 c - 2 scrolls of fog
 f - a scroll of teleportation
 g - a scroll of revelation
Potions
 a - a potion of magic
 b - a potion of brilliance
 d - a potion of curing {unknown}
 h - a potion of mutation {unknown}
 l - a potion of enlightenment {unknown}


   Skills:
 - Level 2.0 Dodging
 + Level 4.5 Stealth
 + Level 3.1 Spellcasting
 * Level 5.5 Conjurations
 + Level 1.3 Hexes


You had 3 spell levels left.
You knew the following spells:

 Your Spells              Type           Power      Damage    Failure   Level
a - Magic Dart            Conj           100%       1d8       1%          1
b - Searing Ray           Conj           58%        2d6       1%          2
c - Fulminant Prism       Conj/Hex       9%         3d7       28%         4

Your spell library contained the following spells:

 Spells                   Type           Power      Damage    Failure   Level
 Dazzling Flash           Conj/Hex       38%        N/A       9%          3
 Iskenderun's Mystic Bla  Conj/Tloc      16%        2d5       36%         4
 Alistair's Intoxication  Tmut/Pois      2%         N/A       97%         5
 Borgnjor's Vile Clutch   Necr/Erth      1%         N/A       97%         5
 Eringya's Noxious Bog    Tmut/Pois      1%         4d6       100%        6


Dungeon Overview and Level Annotations

Branches:
Dungeon (4/15)
 Temple: D:4-7

Altars:

Annotations:
D:2 1 runed translucent door, Crazy Yiuf
D:4 exclusions: 3 doors and 2 more exclusions, Sigmund


Innate Abilities, Weirdness & Mutations

You cannot wear most types of armour.
You are amphibious.
You can wear up to eight rings at the same time.
Your skin changes colour to match your surroundings (Stealth+).
Your rubbery body absorbs attacks. (AC +1, EV +1)
((You are camouflaged when in or above water. (Stealth+)))
You have tentacles for arms and can constrict up to eight enemies at once.


Message History

Casting: Magic Dart (safe; 1% risk of failure)
Confirm with . or Enter, or press ? or * to list all spells.
Aiming: Searing Ray (safe; 1% risk of failure)
Press: ? - help, Shift-Dir - straight line, f/p - black bear
Aim: a black bear (heavily wounded, 85% to hit)
The searing ray hits the black bear.
The black bear is severely wounded. (Press . to maintain the ray.) Unknown command.
The searing ray hits the black bear.
The black bear is severely wounded.
The black bear goes berserk!
The searing ray hits the black bear!
The black bear is almost dead.
The black bear rages.
The searing ray misses the black bear.
You finish channelling your searing ray.
The black bear bites you! The black bear barely misses you. x2
Unknown command.
Unknown command.
You barely miss the black bear. You grab the black bear.
The black bear is almost dead.
You constrict the black bear. The black bear bites you.
The black bear claws you but does no damage.
The black bear barely misses you. The black bear closely misses you.
The black bear claws you. The black bear closely misses you.
Unknown command.
You hit the black bear but do no damage.
The black bear is almost dead.
You constrict the black bear, but do no damage.
The black bear misses you. x2; The black bear claws you.
Unknown command.
You hit the black bear but do no damage.
The black bear is almost dead.
You constrict the black bear. The black bear bites you.
* * * LOW HITPOINT WARNING * * *
The black bear claws you.
* * * LOW HITPOINT WARNING * * *
The black bear claws you.
You die...

,,,,*,,.......#...#..........#...
,,,,*,,...h...#...#..........#...
,,,,*,,.......#...#..........#...
,,,,*,,.......'...#..........#...
,,,,*,,.##....#...#..........#...
,,,,*,,,*#....#...#..........#...
,,,,*,,.......#...#....<)....####
,,,,*,..#######h###...[[)........
,,,,*,..#.......@................
,,,,*,..'...............#####....
,,,,**###...............#...#....
,,,,,,..................#...#....
,,,,,,.......)..........#...#####
,,,,,,...#######'##.....'........
,,,,,,,,,#....))).#.....#........
,,,,,,,,,#........#.....#........
,,,,,,,,,#.<......#.....#........


You could see a black bear (berserk).

Vanquished Creatures
  2 hounds (D:4)
  Robin (D:2)
  5 adders
  2 worms
  A dart slug (D:2)
  10 orcs
  4 endoplasms
  4 giant cockroaches
  14 goblins
  9 hobgoblins
  A quokka (D:1)
  11 ball pythons
  4 bats
  4 frilled lizards
  4 kobolds
  3 rats
79 creatures vanquished.

Vanquished Creatures (others)
  A fulminant prism (D:4)
1 creature vanquished.

Grand Total: 80 creatures vanquished

Notes
Turn   | Place    | Note
-------+----------+-------------------------------------------
     0 | D:1      | Vomitron the Octopode Conjurer began the quest for the Orb.
     0 | D:1      | Reached XP level 1. HP: 11/11 MP: 3/3
   349 | D:1      | Reached XP level 2. HP: 17/17 MP: 0/5
  1087 | D:2      | Reached XP level 3. HP: 21/21 MP: 1/6
  1135 | D:2      | Learned a level 2 spell: Searing Ray
  1239 | D:2      | Noticed Robin
  1322 | D:2      | Killed Robin
  1662 | D:2      | Reached XP level 4. HP: 27/27 MP: 2/7
  1901 | D:2      | Found a runed translucent door.
  1902 | D:2      | Noticed Crazy Yiuf
  2307 | D:2      | Learned a level 4 spell: Fulminant Prism
  2715 | D:3      | Found a faded altar of an unknown god.
  2822 | D:3      | Reached skill level 5 in Conjurations
  3178 | D:3      | Reached XP level 5. HP: 31/31 MP: 6/9
  3335 | D:3      | Identified the +8 quarterstaff of the Blushing Saviour
                  | {elec, Fly rC- Will+ rCorr Str+2}
  3414 | D:4      | Reached skill level 1 in Hexes
  3550 | D:4      | Noticed a black bear
  3618 | D:4      | Noticed Sigmund
  4165 | D:4      | Slain by a black bear

Illustrated notes

Levels and vault maps discovered:
D:1:      ebering_trefoil_twist, layout_basic
D:2:      layout_basic, bh_walls_and_bars, uniq_crazy_yiuf_cottage, uniq_robin
D:3:      layout_rooms, hellmonk_ecumenical_altar_zigzags, chequers_arboretum,
          grunt_ministairs_10
D:4:      layout_gridville, uniq_sigmund

Skill      XL: |  1  2  3  4  5 |
---------------+----------------+-----
Stealth        | 3 4 |  4.5
Conjurations   | 5 |  5.5
Hexes          | 1 |  1.3
Spellcasting   | 3 |  3.1
Dodging        | |  2.0

Action                     |  1- 3 |  4- 6 || total
---------------------------+-------+-------++-------
  Melee: Unarmed           |    28 |     1 ||    29
         Constrict         |     9 |     5 ||    14
         Tentacles         |     3 |     1 ||     4
         Punch             |     1 |       ||     1
         Dagger            |       |    22 ||    22
   Cast: Magic Dart        |    58 |    70 ||   128
         Searing Ray       |       |     3 ||     3
         Fulminant Prism   |       |     1 ||     1
    Use: Scroll            |       |     7 ||     7
   Stab: Sleeping          |       |     1 ||     1
 Armour: Skin              |     3 |     2 ||     5
  Dodge: Dodged            |    18 |    18 ||    36

Table legend: (Time is in decaauts)
 A = Elapsed time spent in this place.
 B = Non-inter-level travel time spent in this place.
 C = Inter-level travel time spent in this place.
 D = Time resting spent in this place.
 E = Time spent auto-exploring this place.
 F = Levels seen in this place.
 G = Mean time per level.
                   A        B        C        D        E       F      G
               +--------+--------+--------+--------+--------+-----+--------+
         Total |   4165 |   4061 |    104 |    275 |   3373 |   4 | 1041.2 |
       Dungeon |   4165 |   4061 |    104 |    275 |   3373 |   4 | 1041.2 |
               +--------+--------+--------+--------+--------+-----+--------+

Top non-repeatable levels by time:
     D:2: 1552 daAuts
     D:1: 978 daAuts
     D:3: 900 daAuts
     D:4: 735 daAuts
